 Dungeon Crawl Stone Soup version 0.28.0-53-g5a82cb258f (webtiles) character file.

Game seed: 7111968325359788545

106 Plasmagod the Vexing (level 4, -2/34 HPs)
             Began as a Gnoll Arcane Marksman on July 20, 2022.
             Slain by a gnoll
             ... wielding a +0 spear
              (5 damage)
             ... on level 3 of the Dungeon.
             The game lasted 00:05:50 (2187 turns).

Plasmagod the Vexing (Gnoll Arcane Marksman)        Turns: 2187, Time: 00:05:51

Health: -2/34      AC:  2    Str: 10    XL:     4   Next: 84%
Magic:  8/8        EV: 14    Int: 12    God:
Gold:   46         SH:  0    Dex: 14    Spells: 5/9 levels left

rFire   . . .      SeeInvis .   k - +0 rapier
rCold   . . .      Faith    .   (no shield)
rNeg    . . .      Spirit   .   d - +0 robe
rPois   .          Reflect  .   (no helmet)
rElec   .          Harm     .   (no cloak)
rCorr   .          Rampage  .   (no gloves)
Will    .....                   (no boots)
Stlth   ++........              (no amulet)
HPRegen 0.11/turn               (no ring)
MPRegen 0.11/turn               (no ring)

@: no status effects
A: fangs 1, strong nose, distributed training
a: no special abilities


You were on level 3 of the Dungeon.
You visited 1 branch of the dungeon, and saw 3 of its levels.

You collected 46 gold pieces.

Inventory:

Hand Weapons
 a - a +0 shortbow
 k - a +0 rapier (weapon)
Missiles
 c - 5 arrows
Armour
 d - a +0 robe (worn)
Jewellery
 f - an amulet of magic regeneration
Scrolls
 g - a scroll of enchant armour {unknown}
 h - a scroll of teleportation {unknown}
 l - a scroll of blinking {unknown}
 m - a scroll of amnesia {unknown}
Potions
 e - 2 potions of curing {unknown}
 i - a potion of brilliance {unknown}
 j - a potion of magic {unknown}
 n - a potion of haste {unknown}
 o - a potion of lignification {unknown}


   Skills:
 + Level 2.8 Fighting
 + Level 1.2 Short Blades
 + Level 1.2 Long Blades
 + Level 1.2 Axes
 + Level 1.2 Maces & Flails
 + Level 1.2 Polearms
 + Level 1.2 Staves
 + Level 1.2 Slings
 + Level 4.7 Bows
 + Level 1.2 Crossbows
 + Level 1.2 Throwing
 + Level 1.2 Armour
 + Level 4.7 Dodging
 + Level 1.2 Stealth
 + Level 1.2 Shields
 + Level 1.2 Unarmed Combat
 + Level 3.0 Spellcasting
 + Level 1.0 Conjurations
 + Level 5.5 Hexes
 + Level 1.0 Summonings
 + Level 1.0 Necromancy
 + Level 1.0 Translocations
 + Level 1.0 Transmutations
 + Level 1.0 Fire Magic
 + Level 1.0 Ice Magic
 + Level 1.0 Air Magic
 + Level 1.0 Earth Magic
 + Level 1.0 Poison Magic
 + Level 1.4 Invocations
 + Level 1.2 Evocations


You had 5 spell levels left.
You knew the following spells:

 Your Spells              Type           Power      Damage    Failure   Level
a - Slow                  Hex            60%        N/A       2%          1
b - Portal Projectile     Hex/Tloc       18%        N/A       19%         3

Your spell library contained the following spells:

 Spells                   Type           Power      Damage    Failure   Level
 Inner Flame              Hex/Fire       9%         N/A       19%         3
 Cause Fear               Hex            7%         N/A       26%         4


Dungeon Overview and Level Annotations

Branches:
Dungeon (3/15)

Altars:


Innate Abilities, Weirdness & Mutations

You have very sharp teeth.
Your uncanny sense of smell can sniff out nearby items.
Your experience applies equally to all skills.


Message History

The gnoll hits you from afar with a +0 spear.
Throw: 2 javelins
Press: ? - help, Q - select action, (/) - cycle Shift-Dir - straight line, f/p - gnoll
Aim: a gnoll, wielding a +0 spear (lightly wounded, 63% to hit)
You throw a javelin. The javelin pierces through the gnoll!
The gnoll is severely wounded.
The gnoll closely misses you. x2
You hit the gnoll.
The gnoll is heavily wounded.
The gnoll barely misses you. The gnoll hits you with a +0 club.
You hit the gnoll but do no damage.
The gnoll is heavily wounded.
A rat comes into view.
The gnoll misses you. The gnoll barely misses you.
The rat moves out of view.
You hit the gnoll.
You kill the gnoll!
The gnoll hits you from afar with a +0 spear. x2
Throw: javelin
Press: ? - help, Q - select action, (/) - cycle Shift-Dir - straight line, f/p - gnoll
Aim: a gnoll, wielding a +0 spear (severely wounded, 63% to hit)
You throw a javelin. The javelin barely misses the gnoll.
The javelin pierces through the rat!
You kill the rat!
The gnoll hits you from afar with a +0 spear.
The gnoll closely misses you.
You barely miss the gnoll. Your bite misses the gnoll.
The gnoll is severely wounded.
The gnoll hits you with a +0 spear!
* * * LOW HITPOINT WARNING * * *
You hit the gnoll but do no damage. You bite the gnoll, but do no damage.
The gnoll is severely wounded.
The gnoll closely misses you.
You barely miss the gnoll.
The gnoll is severely wounded.
The gnoll hits you with a +0 spear.
* * * LOW HITPOINT WARNING * * *
You completely miss the gnoll. Your punch misses the gnoll.
The gnoll is severely wounded.
The gnoll hits you with a +0 spear.
You die...

# ##......).....##
#.#..............##
#.........†.......##
#.......)..........#P..
....................P.P
....................P...
....................PPP.
....................P..
...........<)@......P.PP
..............g.....P.P
....................P.P
................)......
...................PP
.....?............#
............(((#
...............


You could see a gnoll.

Vanquished Creatures
  3 gnolls (D:3)
  3 adders
  A dart slug (D:1)
  4 ball pythons
  4 bats
  5 endoplasms (D:1)
  4 hobgoblins
  4 jackals (D:1)
  3 quokkas
  4 frilled lizards
  7 goblins
  2 kobolds
  5 rats
49 creatures vanquished.

Notes
Turn   | Place    | Note
-------+----------+-------------------------------------------
     0 | D:1      | Plasmagod the Gnoll Arcane Marksman began the quest for the
                  | Orb.
     0 | D:1      | Reached XP level 1. HP: 17/17 MP: 4/4
    88 | D:1      | Reached XP level 2. HP: 23/23 MP: 5/5
   437 | D:1      | Found a faded altar of an unknown god.
   529 | D:1      | Reached XP level 3. HP: 28/28 MP: 7/7
   533 | D:1      | Learned a level 3 spell: Portal Projectile
  1062 | D:2      | Reached skill level 1 in Invocations
  1549 | D:2      | Reached skill level 1 in Short Blades
  1549 | D:2      | Reached skill level 1 in Long Blades
  1549 | D:2      | Reached skill level 1 in Axes
  1549 | D:2      | Reached skill level 1 in Maces & Flails
  1549 | D:2      | Reached skill level 1 in Polearms
  1549 | D:2      | Reached skill level 1 in Staves
  1549 | D:2      | Reached skill level 1 in Slings
  1549 | D:2      | Reached skill level 1 in Crossbows
  1549 | D:2      | Reached skill level 1 in Throwing
  1549 | D:2      | Reached skill level 1 in Armour
  1549 | D:2      | Reached skill level 1 in Stealth
  1549 | D:2      | Reached skill level 1 in Shields
  1549 | D:2      | Reached skill level 1 in Unarmed Combat
  1549 | D:2      | Reached skill level 1 in Evocations
  1832 | D:2      | Reached XP level 4. HP: 34/34 MP: 8/8
  2177 | D:3      | Reached skill level 1 in Conjurations
  2177 | D:3      | Reached skill level 1 in Summonings
  2177 | D:3      | Reached skill level 1 in Necromancy
  2177 | D:3      | Reached skill level 1 in Translocations
  2177 | D:3      | Reached skill level 1 in Transmutations
  2177 | D:3      | Reached skill level 1 in Fire Magic
  2177 | D:3      | Reached skill level 1 in Ice Magic
  2177 | D:3      | Reached skill level 1 in Air Magic
  2177 | D:3      | Reached skill level 1 in Earth Magic
  2177 | D:3      | Reached skill level 1 in Poison Magic
  2187 | D:3      | Slain by a gnoll

Illustrated notes

Levels and vault maps discovered:
D:1:      eino_arrival_water_star, layout_basic, ebering_ecumenical_altar_hall
D:2:      layout_basic
D:3:      layout_basic, gammafunk_ghost_split, minmay_hedge_maze,
          serial_bayou_pond_c, kennysheep_generic_room_4

Skill      XL: |  1  2  3  4 |
---------------+-------------+-----
Invocations    | 1 |  1.4
Short Blades   | 1 |  1.2
Long Blades    | 1 |  1.2
Axes           | 1 |  1.2
Maces & Flails | 1 |  1.2
Polearms       | 1 |  1.2
Staves         | 1 |  1.2
Slings         | 1 |  1.2
Crossbows      | 1 |  1.2
Throwing       | 1 |  1.2
Armour         | 1 |  1.2
Stealth        | 1 |  1.2
Shields        | 1 |  1.2
Unarmed Combat | 1 |  1.2
Evocations     | 1 |  1.2
Spellcasting   | 3 |  3.0
Conjurations   | 1 |  1.0
Summonings     | 1 |  1.0
Necromancy     | 1 |  1.0
Translocations | 1 |  1.0
Transmutations | 1 |  1.0
Fire Magic     | 1 |  1.0
Ice Magic      | 1 |  1.0
Air Magic      | 1 |  1.0
Earth Magic    | 1 |  1.0
Poison Magic   | 1 |  1.0
Fighting       | |  2.8
Bows           | |  4.7
Dodging        | |  4.7
Hexes          | |  5.5

Action                   |  1- 3 |  4- 6 || total
-------------------------+-------+-------++-------
Melee: Unarmed           |     8 |       ||     8
       Bite              |     1 |     2 ||     3
       Rapier            |     5 |    14 ||    19
 Fire: Shortbow          |    95 |     7 ||   102
Throw: Javelin           |     6 |    11 ||    17
 Cast: Slow              |     1 |       ||     1
       Portal Projectile |     1 |       ||     1
Armor: Robe              |     3 |       ||     3
Dodge: Dodged            |    38 |    11 ||    49
